 Dungeon Crawl Stone Soup version 0.19-a0-926-g4486784 (webtiles) character file.

10437 Magifyre the Arsonist (level 11, -1/54 HPs)
             Began as a Deep Elf Fire Elementalist on July 6, 2016.
             Slain by a wolf (9 damage)
             ... on level 2 of the Lair of Beasts.
             The game lasted 01:09:22 (14281 turns).

Magifyre the Arsonist (Deep Elf Fire Elementalist) Turns: 14281, Time: 01:09:23

Health: -1/54      AC:  5    Str:  5    XL:     11   Next: 36%
Magic:  18/27      EV: 13    Int: 24    God:
Gold:   613        SH:  0    Dex: 15    Spells: 5 memorised, 16 levels left

rFire  + + .     SeeInvis .     e - staff of fire
rCold  . . .     Gourm    .     a - +0 robe
rNeg   . . .     Faith    .     (no shield)
rPois  +         Spirit   .     A - +1 helmet
rElec  .         Dismiss  .     (no cloak)
rCorr  .         Reflect  .     (no gloves)
SustAt .         Harm     .     R - +0 pair of boots
MR     +....                    G - amulet of magic regeneration
Stlth  ++........               J - ring of protection from fire
                                j - ring of poison resistance

@: very slightly contaminated, hasted, very quick, somewhat resistant to hostile
enchantments, unstealthy
A: no striking features
a: no special abilities


You were on level 2 of the Lair of Beasts.
You were not hungry.

You visited 3 branches of the dungeon, and saw 12 of its levels.

You collected 613 gold pieces.

Inventory:

Hand Weapons
 y - a +2 whip of flaming
 z - a +6 club
Missiles
 d - 3 javelins (quivered)
Armour
 a - a +0 robe (worn)
 A - a +1 helmet (worn)
 R - a +0 pair of boots (worn)
Magical Staves
 e - an uncursed staff of fire (weapon)
 i - an uncursed staff of wizardry
 D - an uncursed staff of cold
Jewellery
 j - a ring of poison resistance (left hand)
 t - an uncursed ring of resist corrosion
 G - an amulet of magic regeneration (around neck)
 H - an uncursed ring of flight
 J - a ring of protection from fire (right hand)
Wands
 o - a wand of paralysis (11/24)
 u - a wand of paralysis (15/24)
 x - a wand of acid (2/15)
 F - a wand of digging (5/24)
 Q - a wand of iceblast (7/15)
Scrolls
 g - 8 scrolls of remove curse
 k - 4 scrolls of magic mapping
 m - a scroll of enchant weapon
 p - a scroll of enchant armour
 E - a scroll of recharging {unknown}
 I - a scroll of torment {unknown}
Potions
 f - 2 potions of resistance
 h - 2 potions of magic
 n - a potion of brilliance
 q - a potion of flight
 r - 3 potions of might
 w - 3 potions of curing
 C - a potion of heal wounds
 L - a potion of berserk rage {unknown}
 P - 3 potions of ambrosia {unknown}
Books
 b - a book of Flames

   Spells                             Type                      Level
   a - Flame Tongue                   Conjuration/Fire             1
   b - Throw Flame                    Conjuration/Fire             2
   c - Conjure Flame                  Conjuration/Fire             3
   d - Inner Flame                    Hexes/Fire                   3
   e - Sticky Flame                   Conjuration/Fire             4
   f - Fireball                       Conjuration/Fire             5
 N - a book of Minor Magic

   Spells                             Type                      Level
   a - Magic Dart                     Conjuration                  1
   b - Blink                          Translocation                2
   c - Call Imp                       Summoning                    2
   d - Repel Missiles                 Charms/Air                   2
   e - Slow                           Hexes                        2
   f - Conjure Flame                  Conjuration/Fire             3
   g - Mephitic Cloud                 Conjuration/Poison/Air       3
Comestibles
 c - 6 bread rations
 s - 4 chunks of flesh
 v - 7 fruits
 B - a meat ration


   Skills:
 - Level 2.4 Dodging
 - Level 2.4 Stealth
 + Level 10.5 Spellcasting
 * Level 12.4 Conjurations
 * Level 12.6 Fire Magic


You had 16 spell levels left.
You knew the following spells:

 Your Spells              Type           Power        Failure   Level  Hunger
a - Flame Tongue          Conj/Fire      #####        1%          1    None
b - Throw Flame           Conj/Fire      ######       1%          2    None
c - Conjure Flame         Conj/Fire      #######.     1%          3    None
d - Sticky Flame          Conj/Fire      #######.     1%          4    None
e - Fireball              Conj/Fire      #######...   1%          5    ####...


Dungeon Overview and Level Annotations

Branches:
Dungeon (9/15)             Temple (1/1) D:5            Lair (2/6) D:8
    Orc (0/2) D:9
  Swamp: Lair:2-4    Shoals: Lair:2-4     Snake: Lair:2-4    Spider: Lair:2-4

Altars:
Cheibriados
Dithmenos
Elyvilon
Gozag
Kikubaaqudgha
Makhleb
Okawaru
Pakellas
Qazlal
Ru
Sif Muna
Trog
Uskayaw
Xom
Yredelemnul
Zin
The Shining One
Lugonu

Shops:
D:4 *:(?   D:9 [

Annotations:
D:9 Joseph


Message History

The wolf barely misses you.
Found a scroll labeled QADDEO NEUDUA.
Casting: Flame Tongue
Confirm with . or Enter, or press ? or * to list all spells.
Aiming: Fireball
Press: ? - help, Shift-Dir - straight line, p - wolf
Okay, then.
Casting: Fireball
Confirm with . or Enter, or press ? or * to list all spells.
Aiming: Fireball
Press: ? - help, Shift-Dir - straight line, f/p - wolf
Aim: a wolf (grey smoke, almost dead)
Okay, then.
You feel yourself speed up. The wolf misses you.
The wolf bites you but does no damage. The wolf bites you.
* * * LOW HITPOINT WARNING * * *
You are very lightly contaminated with residual magic.
The wolf closely misses you. The wolf bites you!
You die...

#.#.....### .#
#####....### #.
##......###
..##......#####
##.......#####.#
..#...........##
##............#
##............##
.###...@..§§..>...# .
........h.§§....P##...h
......hhh§§§§..........
........h§§§........#..
.?......§§§.....#P.##
........§....#######
≈≈≈≈≈......###
≈≈≈≈≈≈..#...#
≈≈≈≈≈≈≈≈#..##


You could see 5 wolves.

Vanquished Creatures
  Pikel (D:4)
  2 black mambas (Lair:1)
  2 spiny frogs
  A komodo dragon (Lair:1)
  3 blink frogs (Lair:1)
  Grinder (D:4)
  A wyvern (D:8)
  15 yaks (Lair:1)
  2 hippogriffs
  A porcupine (Lair:1)
  7 water moccasins
  2 orc warriors
  A black bear (D:7)
  2 sky beasts (D:7)
  2 slaves
  4 phantoms
  6 wolves
  2 ogres
  6 centaurs
  A crocodile (Lair:1)
  7 giant frogs
  4 scorpions
  9 killer bees (D:8)
  3 howler monkeys (D:5)
  2 crimson imps
  A jelly (D:5)
  3 orc priests
  2 hounds (D:6)
  10 orc wizards
  2 iguanas
  6 worker ants
  A killer bee zombie (D:6)
  A hound zombie (D:5)
  Robin (D:4)
  11 river rats (Lair:1)
  13 adders
  2 shadow imps
  3 oozes
  An adder skeleton (D:4)
  2 worms
  A dart slug (D:2)
  6 giant geckos
  31 orcs
  8 bats
  11 giant cockroaches
  17 goblins
  9 hobgoblins
  11 jackals
  5 kobolds
  3 quokkas
  A ball python (D:3)
  A giant gecko zombie (D:8)
  5 giant newts
  A jackal zombie (D:9)
  A quokka skeleton (D:7)
  10 rats
267 creatures vanquished.

Vanquished Creatures (others)
  A slave (D:4)
  2 orcs (D:4)
  3 jackals (D:4)
  A fungus (Lair:1)
7 creatures vanquished.

Grand Total: 274 creatures vanquished

Notes
Turn   | Place    | Note
-------+----------+-------------------------------------------
     0 | D:1      | Magifyre the Deep Elf Fire Elementalist began the quest for the Orb.
     0 | D:1      | Reached XP level 1. HP: 10/10 MP: 6/6
   244 | D:1      | Reached XP level 2. HP: 15/15 MP: 6/8
   258 | D:1      | Learned a level 2 spell: Throw Flame
   905 | D:2      | Reached XP level 3. HP: 19/19 MP: 4/9
   918 | D:2      | Learned a level 3 spell: Conjure Flame
  1234 | D:2      | Found a faded altar of an unknown god.
  1418 | D:2      | Reached XP level 4. HP: 24/24 MP: 5/10
  2133 | D:2      | Learned a level 4 spell: Sticky Flame
  2272 | D:3      | Noticed a phantom
  2291 | D:3      | Killed a phantom
  2291 | D:3      | Reached XP level 5. HP: 28/28 MP: 0/13
  2959 | D:3      | Reached skill level 5 in Fire Magic
  3273 | D:4      | Found an oddly glowing altar of Pakellas.
  3277 | D:4      | Noticed a slave
  3277 | D:4      | Noticed a slave
  3279 | D:4      | Noticed a slave
  3281 | D:4      | Noticed Pikel
  3281 | D:4      | Killed a slave
  3531 | D:3      | Killed a slave
  3745 | D:4      | Noticed a slave
  3766 | D:4      | Killed Pikel
  3766 | D:4      | Reached skill level 5 in Spellcasting
  3766 | D:4      | Reached XP level 6. HP: 32/32 MP: 1/16
  3766 | D:4      | Reached XP level 7. HP: 36/36 MP: 1/17
  4037 | D:4      | Noticed Robin
  4045 | D:4      | Killed Robin
  4192 | D:4      | Learned a level 5 spell: Fireball
  4627 | D:4      | Found Baipiy's Book Boutique.
  4637 | D:4      | Found Fotask's Magic Scroll Shop.
  4637 | D:4      | Found Makare's General Store.
  4693 | D:4      | Found Huagg's Antique Weapon Shop.
  4781 | D:4      | Noticed Grinder
  4784 | D:4      | Paralysed by Grinder for 2 turns
  4793 | D:4      | Killed Grinder
  4793 | D:4      | Reached XP level 8. HP: 40/41 MP: 5/18
  5342 | D:5      | Entered Level 5 of the Dungeon
  6132 | D:5      | Found a staircase to the Ecumenical Temple.
  6244 | Temple   | Entered the Ecumenical Temple
  6425 | D:5      | Found an opulent altar of Gozag.
  6426 | D:5      | Found a bloodstained altar of Trog.
  6428 | D:5      | Found an iron altar of Okawaru.
  6428 | D:5      | Found a sacrificial altar of Ru.
  6468 | D:5      | Found a stormy altar of Qazlal.
  6468 | D:5      | Found a burning altar of Makhleb.
  6469 | D:5      | Found an ancient bone altar of Kikubaaqudgha.
  6849 | D:5      | Found a basalt altar of Yredelemnul.
  7420 | D:6      | Found a deep blue altar of Sif Muna.
  8110 | D:6      | Identified a scroll of acquirement
  8144 | D:7      | Reached XP level 9. HP: 41/45 MP: 12/21
  9396 | D:6      | Identified Sif Muna's Reference Book on the Snowflakes
  9630 | D:8      | Reached skill level 10 in Fire Magic
  9989 | D:8      | Reached skill level 10 in Conjurations
 10121 | D:8      | Found a staircase to the Lair.
 10509 | D:8      | Reached XP level 10. HP: 44/50 MP: 24/24
 11178 | D:9      | Found Juidiebb's Armour Shoppe.
 11227 | D:9      | Found a hide-covered altar of Uskayaw.
 11259 | D:9      | Found a staircase to the Orcish Mines.
 11280 | D:9      | Noticed Joseph
 11810 | Lair:1   | Entered Level 1 of the Lair of Beasts
 11810 | Lair:1   | Noticed a black mamba
 11812 | Lair:1   | Killed a black mamba
 11819 | Lair:1   | Noticed a black mamba
 11893 | Lair:1   | Killed a black mamba
 12194 | Lair:1   | Upgraded the game from 0.19-a0-925-g9542341 to 0.19-a0-926-g4486784
 12910 | Lair:1   | Reached XP level 11. HP: 54/54 MP: 3/26
 13236 | Lair:1   | Reached skill level 10 in Spellcasting
 14281 | Lair:2   | Slain by a wolf

Vault maps used:
D:1:      dpeg_arrival_rhombus
D:2:      ecumenical_altar_2, kennysheep_crisscross, minmay_heptomino_o4
D:4:      minmay_shoptagon, minmay_statues_item, grunt_pakellas_salt,
          uniq_grinder, uniq_robin, uniq_pikel
D:5:      grunt_temple_overflow_open, lemuel_coloured_pillars_altar, first_bread
D:6:      led_sif_book
D:7:      nicolae_overflow_hidden_temple
D:8:      lair_0_dummy, hangedman_decor_push, hangedman_decor_slide_cut
D:9:      grunt_temple_overflow_cloverleaf, basic_altar, serial_shops, shop,
          uniq_joseph
Temple:   corrupted_temple
Lair:2:   infiniplex_staircase_pool_2, lemuel_fruit_tree

Skill      XL: |  1  2  3  4  5  6  7  8  9 10 11 |
---------------+----------------------------------+-----
Conjurations   | 2 3 4 6 8 10 11 12 | 12.4
Fire Magic     | 4 6 7 8 10 12 | 12.6
Spellcasting   | 4 5 7 8 9 10 | 10.5
Dodging        | |  2.4
Stealth        | |  2.4

Action                   |  1- 3 |  4- 6 |  7- 9 | 10-12 || total
-------------------------+-------+-------+-------+-------++-------
Melee: Halberd           |       |     8 |       |       ||     8
       Whip              |       |       |     2 |       ||     2
       Club              |       |       |    58 |       ||    58
       Staff             |       |       |     1 |       ||     1
 Cast: Flame Tongue      |    38 |    69 |   192 |   125 ||   424
       Throw Flame       |    17 |    33 |    82 |    26 ||   158
       Conjure Flame     |       |     5 |    17 |    11 ||    33
       Sticky Flame      |       |       |    18 |    21 ||    39
       Fireball          |       |       |    22 |    36 ||    58
 Abil: Evoke Flight      |       |       |     1 |       ||     1
  Use: Scroll            |       |     9 |    10 |     7 ||    26
       Potion            |       |       |       |     2 ||     2
  Eat: Chunk             |     2 |     8 |    22 |     7 ||    39
       Meat ration       |       |       |     1 |     2 ||     3
       Beef jerky        |       |       |       |     1 ||     1
Armor: Robe              |     2 |     3 |    13 |     9 ||    27
Dodge: Dodged            |     8 |     9 |    83 |    20 ||   120
